 Dungeon Crawl Stone Soup version 0.24.0-123-gd5b16e6ec5 (webtiles) character file.

Game seed: 5988691918850493465, levelgen mode: deterministic

143 Kobolds4U the Conjurer (level 5, 0/38 HPs)
             Began as a Draconian Conjurer on Dec 21, 2019.
             Slain by an orc warrior
             ... wielding a +0 trident
              (19 damage)
             ... on level 3 of the Dungeon.
             The game lasted 00:07:12 (3012 turns).

Kobolds4U the Conjurer (Draconian Conjurer)         Turns: 3012, Time: 00:07:13

Health: 0/38       AC:  9    Str: 10    XL:     5   Next: 4%
Magic:  0/8        EV: 12    Int: 16    God:
Gold:   157        SH:  0    Dex: 12    Spells: 2/8 levels left

rFire    + . .     SeeInvis .   e - -2 dagger (curse)
rCold    x . .     Gourm    .   (no shield)
rNeg     . . .     Faith    .   (armour unavailable)
rPois    .         Spirit   .   (helmet restricted)
rElec    .         Reflect  .   d - +1 cloak
rCorr    .         Harm     .   q - +0 pair of gloves
MR       .....                  p - +0 pair of boots
Stlth    ++........             (no amulet)
HPRegen  0.12/turn              a - ring of fire (curse)
MPRegen  0.11/turn              (no ring)

@: no status effects
A: unfitting armour, cold-blooded, AC +5
a: no special abilities


You were on level 3 of the Dungeon.
You were not hungry.

You visited 1 branch of the dungeon, and saw 3 of its levels.

You collected 157 gold pieces.

Inventory:

Hand Weapons
 e - a cursed -2 dagger (weapon)
Armour
 d - a +1 cloak (worn)
 p - a +0 pair of boots (worn)
 q - a +0 pair of gloves (worn)
Jewellery
 a - a cursed ring of fire (left hand)
Scrolls
 c - 3 scrolls of teleportation
 l - 3 scrolls of identify {unknown}
 n - a scroll of enchant weapon {unknown}
 o - a scroll of random uselessness {unknown}
Potions
 f - a potion of mutation {unknown}
 g - a potion of might {unknown}
 h - 2 potions of curing {unknown}
 i - a potion of degeneration {unknown}
 j - a potion of flight {unknown}
 k - a potion of haste {unknown}
 m - a potion of resistance {unknown}
Comestibles
 b - 5 rations
 r - 2 chunks of flesh


   Skills:
 - Level 1.7 Dodging
 - Level 1.7 Stealth
 - Level 2.0 Spellcasting
 + Level 6.4 Conjurations


You had 2 spell levels left.
You knew the following spells:

 Your Spells              Type           Power        Failure   Level  Hunger
a - Magic Dart            Conj           ###.         1%          1    #......
b - Searing Ray           Conj           ###...       2%          2    ###....
c - Dazzling Spray        Conj/Hex       ##....       17%         3    ###....

Your spell library contained the following spells:

 Spells                   Type           Power        Failure   Level  Hunger
 Iskenderun's Mystic Bla  Conj           ###.....     14%         4    #####..
 Force Lance              Conj/Tloc      ##......     50%         4    #####..
 Fulminant Prism          Conj/Hex       ##........   50%         4    #####..


Dungeon Overview and Level Annotations

Branches:
Dungeon (3/15)

Altars:


Innate Abilities, Weirdness & Mutations

Your plain brown scales are hard. (AC +5)
You cannot fit into any form of body armour.
You are cold-blooded and may be slowed by cold attacks.


Message History

The orc warrior is lightly wounded.
The orc warrior closely misses you.
Casting: Magic Dart (safe; 1% risk of failure)
Confirm with . or Enter, or press ? or * to list all spells.
Aiming: Magic Dart (safe; 1% risk of failure)
Press: ? - help, Shift-Dir - straight line, f/p - orc warrior
Aim: an orc warrior, wielding a +0 trident and wearing a +0 chain mail (lightly wounded)
The magic dart hits the orc warrior but does no damage.
The orc warrior is lightly wounded.
The orc warrior barely misses you.
Casting: Magic Dart (safe; 1% risk of failure)
Confirm with . or Enter, or press ? or * to list all spells.
Aiming: Magic Dart (safe; 1% risk of failure)
Press: ? - help, Shift-Dir - straight line, f/p - orc warrior
Aim: an orc warrior, wielding a +0 trident and wearing a +0 chain mail (lightly wounded)
The magic dart hits the orc warrior.
The orc warrior is moderately wounded.
The orc warrior hits you from afar with a +0 trident!!
Ouch! That really hurt!
You die...

#.....##.# #.### ... ...##
#.....'..# .# ... #
#.....#### ## #.....#### ##.
#.....'..# #.. #.....##.#
##### #.######..
#.....##.####...# #.........
#.....##....#.#.#########...
###########@#.#.o..g......##
.....(..##.#.#.########..#[
#####.##o#g### #..##
#.......g#.# ##...
#.##g#####.# #### #.#####.#
#....g..# #########


You could see an orc warrior and a goblin.

Vanquished Creatures
  A worker ant (D:3)
  3 adders
  3 oozes (D:1)
  A worm (D:2)
  4 leopard geckos
  2 orcs
  5 giant cockroaches
  13 goblins
  6 hobgoblins
  2 jackals (D:3)
  14 kobolds
  6 bats
  2 frilled lizards (D:1)
  10 rats
72 creatures vanquished.

Notes
Turn   | Place    | Note
-------+----------+-------------------------------------------
     0 | D:1      | Kobolds4U the Draconian Conjurer began the quest for the
                  | Orb.
     0 | D:1      | Reached XP level 1. HP: 14/14 MP: 3/3
   124 | D:1      | Reached XP level 2. HP: 19/20 MP: 0/5
   128 | D:1      | Learned a level 2 spell: Searing Ray
   855 | D:1      | Reached skill level 5 in Conjurations
   909 | D:1      | Reached XP level 3. HP: 26/26 MP: 3/6
  1430 | D:2      | Learned a level 3 spell: Dazzling Spray
  1728 | D:2      | Reached XP level 4. HP: 33/33 MP: 3/7
  2409 | D:3      | Reached skill level 6 in Conjurations
  2845 | D:3      | Reached XP level 5. HP: 35/38 MP: 4/8
  2963 | D:3      | Noticed an orc warrior
  3012 | D:3      | Slain by an orc warrior

Levels and vault maps discovered:
D:1:      lightli_molten_gateway, layout_basic
D:2:      layout_loops_ring, first_ration
D:3:      layout_basic, minmay_vboxes

Skill      XL: |  1  2  3  4 |
---------------+-------------+-----
Conjurations   | 5 6 |  6.4
Dodging        | |  1.7
Stealth        | |  1.7
Spellcasting   | |  2.0

Action                   |  1- 3 |  4- 6 || total
-------------------------+-------+-------++-------
Melee: Unarmed           |    18 |       ||    18
       Tailslap          |     2 |     2 ||     4
       Dagger            |     8 |    10 ||    18
 Cast: Magic Dart        |    87 |    68 ||   155
  Use: Scroll            |       |     1 ||     1
 Stab: Sleeping          |     1 |       ||     1
  Eat: Chunk             |     4 |     5 ||     9
Armor: Skin              |     8 |     7 ||    15
Dodge: Dodged            |    30 |    18 ||    48
